Cogmind - Beta 9.2 @@@ ROGUE MODE // 2019.11.22 @ 22:08:40 Player: Enzo Result: Destroyed by D-53 Grenadier with Mini Grenade Launcher Performance ------------- Evolutions (1) 500 Regions Visited (3) 600 Robots Destroyed (65) 325 Value Destroyed (1508) 1508 Prototype IDs (3) 60 Alien Tech Used (0) 0 Bonus (51) 51 TOTAL SCORE: 3044 Bonus ------- High Alert Combat Kills 51 Cogmind --------- Core Integrity 0/400 Matter 211/300 Energy 54/100 System Corruption 0% Temperature Cool (0) Movement Core (50) Location -9/Mines Parts ------- > --- POWER (1) -------- (None) > --- PROPULSION (2) --- (None) > --- UTILITY (4) ------ Terrain Scan Processor > --- WEAPON (2) ------- (None) > --- INVENTORY (4) ---- Light Treads Improved Sensor Array Hacking Suite Datajack Peak State ------------ > --- POWER ------------ Light Ion Engine > --- PROPULSION ------- Aluminum Leg Improved Aluminum Leg > --- UTILITY ---------- Medium Storage Unit Structural Scanner Improved Terrain Scanner Terrain Scan Processor > --- WEAPON ----------- Advanced Beam Cannon Advanced Beam Cannon > --- INVENTORY -------- Improved Sensor Array Signal Interpreter Improved Targeting Computer Hacking Suite Improved Light Cannon Mini Grenade Launcher Datajack [Rating: 17] Favorites ----------- Power Light Ion Engine Engine Light Ion Engine Propulsion Light Treads Treads Light Treads Leg Aluminum Leg Utility Improved Terrain Scanner Device Improved Terrain Scanner Storage Small Storage Unit Processor Terrain Scan Processor Hackware Hacking Suite Weapon Assault Rifle Energy Gun EM Shotgun Energy Cannon Beam Cannon Ballistic Gun Assault Rifle Ballistic Cannon Improved Light Cannon Launcher Mini Grenade Launcher Build | -11 -10 -9 -9 ------- Run | Scr Mat Mat Min Slots Evolved 2 | . . 2 . Power . | . . . . Propulsion . | . . . . Utility 2 | . . 2 . Weapon . | . . . . Parts Attached 43 | 7 8 26 2 Power 4 | 1 1 2 . Engine 4 | 1 1 2 . Core . | . . . . Reactor . | . . . . Propulsion 10 | 2 2 6 . Treads 6 | 2 2 2 . Leg 4 | . . 4 . Wheel . | . . . . Hover . | . . . . Flight . | . . . . Utility 9 | 2 3 4 . Device 5 | 1 3 1 . Storage 2 | 1 . 1 . Processor 1 | . . 1 . Hackware 1 | . . 1 . Protection . | . . . . Artifact . | . . . . Weapon 20 | 2 2 14 2 Energy Gun 6 | 1 1 4 . Energy Cannon 4 | . 1 2 1 Ballistic Gun 1 | 1 . . . Ballistic Cannon 5 | . . 5 . Launcher 4 | . . 3 1 Special Weapon . | . . . . Impact Weapon . | . . . . Slashing Weapon . | . . . . Piercing Weapon . | . . . . Special Melee Weapon . | . . . . Unidentified Prototypes 1 | . . 1 . Parts Lost 19 | . 3 7 9 Power 3 | . 1 1 1 Propulsion 4 | . . 2 2 Utility 4 | . 1 1 2 Weapon 8 | . 1 3 4 Highest Loss Streak 9 | . 2 4 9 Average Slot Usage (%) 96 | . 97 95 91 Engine 11 | . 13 10 8 Treads 18 | . 28 12 . Leg 5 | . . 8 19 Device 17 | . 12 20 22 Storage 12 | . 14 11 11 Processor 5 | . . 9 11 Energy Gun 7 | . 7 7 . Energy Cannon 3 | . 5 . 20 Ballistic Gun 6 | . 14 1 . Ballistic Cannon 3 | . . 7 . Launcher 1 | . . 3 . Naked Turns . | . . . . Heaviest Build 25 | 12 13 25 21 Greatest Support 40 | 40 40 40 23 Greatest Overweight (x) 4 | . . 4 4 Average Overweight (x) . | . . . . Largest Inventory Capacity 8 | 6 6 8 8 Average Capacity 6 | 5 6 7 7 Most Carried 8 | 1 6 8 8 Average Carried 5 | . 4 5 7 Final Capacity 8 | 6 6 8 4 Final Carried 8 | 1 6 8 4 Class Distribution -------------------- 45% | Mutant 40% | Scavenger-Skirmisher 14% | Scavenger-Mutant Dominant Class ---------------- Mutant | -10/Materials Scavenger-Skirmisher | -9/Materials Scavenger-Skirmisher | -9/Mines Resources | -11 -10 -9 -9 ----------- Run | Scr Mat Mat Min Matter Collected 1231 | 269 313 649 . Remotely . | . . . . Salvage Created 1796 | 48 890 858 . Parts 117 | 3 47 67 . Haulers Intercepted 5 | . 1 4 . Recyclers Shooed 1 | . 1 . . Parts Field Recycled . | . . . . Retrieved Matter . | . . . . Parts Self-Destructed . | . . . . Prevented . | . . . . Kills | -11 -10 -9 -9 ------- Run | Scr Mat Mat Min Combat Hostiles Destroyed 41 | . 14 26 1 Guns 12 | . 8 4 . Cannons 16 | . 5 11 . AOE 13 | . 1 11 1 Classes Destroyed 12 | 1 6 4 1 Worker 1 | . . 1 . Builder 5 | . 3 2 . Tunneler 2 | 2 . . . Hauler 5 | . 1 4 . Recycler 1 | . 1 . . Operator 4 | . 1 3 . Watcher 6 | . 3 3 . Swarmer 10 | . . 10 . Grunt 24 | . 14 10 . Brawler 1 | . . 1 . Sentry 5 | . . 5 . Assembled 1 | . . . 1 Best Kill Streak 6 | 1 3 6 1 Combat Bots Only 4 | . 2 4 1 Max Kills in Single Turn 3 | 1 1 3 1 Gunslinging . | . . . . Exploded 3 | . 1 3 1 Melee . | . . . . Uniques/NPCs Destroyed . | . . . . Combat | -11 -10 -9 -9 -------- Run | Scr Mat Mat Min Damage Taken 2628 | . 699 1130 799 Core 587 | . 162 202 223 Absorbed by Shields . | . . . . Core Remaining (%) 67 | 100 35 . . Volleys Fired 171 | 8 72 87 4 Largest 2 | 2 2 2 2 Hottest 136 | 60 80 136 136 Shots Fired 308 | 16 141 145 6 Gun 158 | 16 97 45 . Cannon 132 | . 44 84 4 Launcher 18 | . . 16 2 Special . | . . . . Kinetic 172 | 8 72 92 . Thermal 53 | . 44 5 4 Explosive 18 | . . 16 2 Electromagnetic 65 | 8 25 32 . Robot Hit Streak 19 | 7 19 13 2 Robot Miss Streak 6 | 1 2 6 2 Penetration Max . | . . . . Secondary Targets . | . . . . Shots Hit Robots 203 | 12 99 90 2 Core Hits 101 | 3 36 57 5 Critical Hits 1 | . 1 . . Critical Kills . | . . . . Critical Parts Destroyed 1 | . 1 . . Melee Attacks . | . . . . Impact . | . . . . Slashing . | . . . . Piercing . | . . . . Sneak Attacks . | . . . . Combat Hostiles . | . . . . Follow-up Attacks . | . . . . Damage Inflicted 4435 | 178 1441 2667 149 Guns 1278 | 145 746 387 . Cannons 1734 | . 593 1121 20 Explosions 1420 | 33 99 1159 129 Melee . | . . . . Ramming 3 | . 3 . . Kinetic 1648 | 59 463 1126 . Thermal 865 | 33 692 120 20 Explosive 1203 | . . 1074 129 Electromagnetic 716 | 86 283 347 . Impact . | . . . . Slashing . | . . . . Piercing . | . . . . Highest Corruption 1 | . 1 . . Average Corruption 1 | . 1 . . Corruption Purged . | . . . . Effects 3 | . 3 . . Message Errors 1 | . 1 . . Data Loss (minor) 1 | . 1 . . Targeting Errors 1 | . 1 . . Overload Shots . | . . . . Overflow Damage 114 | 18 7 89 . Projectiles 17 | . 7 10 . Explosions 97 | 18 . 79 . Melee . | . . . . Knockbacks 11 | . 1 10 . Impact 1 | . 1 . . Kinetic 9 | . . 9 . Secondary 1 | . . 1 . Self-Inflicted Damage 197 | . 54 143 . Shots 6 | . 1 5 . Rammed 1 | . 1 . . Targets Rammed 1 | . 1 . . Kicked . | . . . . Crushed . | . . . . Highest Temperature 210 | . 210 195 66 Average Temperature 55 | . 60 51 23 Received Heat Transfer 729 | . 360 369 . Siege Activations . | . . . . Robots Corrupted . | . . . . Combat Hostiles . | . . . . Parts Fried . | . . . . Impact Corruptions . | . . . . Robots Melted . | . . . . Combat Hostiles . | . . . . Parts Melted 1 | . 1 . . Heat Transferred 1619 | 50 1358 174 37 Parts Sabotaged . | . . . . Parts Stolen . | . . . . Parts Stripped . | . . . . Power Chain Reactions 4 | 1 1 2 . Missiles Intercepted . | . . . . Alert | -11 -10 -9 -9 ------- Run | Scr Mat Mat Min Peak Influence 537 | 10 206 537 71 Average Influence 159 | 3 82 244 61 Maximum Alert Level 2 | . 1 2 . Low Security (%) 67 | 100 92 42 100 Level 1 24 | . 7 41 . Level 2 8 | . . 15 . Level 3 . | . . . . Level 4 . | . . . . Level 5 . | . . . . High Security . | . . . . Max Security . | . . . . Squads Dispatched 6 | . 4 2 . Investigation 4 | . 3 1 . Extermination . | . . . . Reinforcement 2 | . 1 1 . Assault . | . . . . Garrison . | . . . . Intercept . | . . . . Construction Impeded . | . . . . Haulers Reinforced . | . . . . Stealth | -11 -10 -9 -9 --------- Run | Scr Mat Mat Min Distress Signals 4 | . . 3 1 Communications Jammed . | . . . . Distress Signals . | . . . . Times Spotted 80 | . 21 43 16 Peak Tracking Total 14 | . 2 6 14 Tactical Retreats 1 | . . 1 . Traps | -11 -10 -9 -9 ------- Run | Scr Mat Mat Min Traps Triggered 4 | . 4 . . Indirectly . | . . . . Trap Hack Attempts . | . . . . Triggered . | . . . . Disarmed . | . . . . Reprogrammed . | . . . . Reused . | . . . . Traps Extracted . | . . . . Installed . | . . . . Triggered . | . . . . Machines | -11 -10 -9 -9 ---------- Run | Scr Mat Mat Min Machines Disabled 5 | . 2 3 . Max in Single Turn 2 | . 1 2 . Machines Sabotaged . | . . . . Garrisons Compromised . | . . . . Overloaded Fab Kills . | . . . . Fab Network Shutdowns . | . . . . Hacking | -11 -10 -9 -9 --------- Run | Scr Mat Mat Min Machines Accessed 9 | . 1 8 . Terminals 6 | . 1 5 . Fabricators . | . . . . Repair Stations . | . . . . Recycling Units 1 | . . 1 . Scanalyzers 2 | . . 2 . Garrison Access . | . . . . Total Hacks 34 | . 4 30 . Successful 21 | . 2 19 . Failed 13 | . 2 11 . Catastrophic 1 | . . 1 . Database Lockouts . | . . . . Manual 14 | . . 14 . Terminals 21 | . 4 17 . Fabricators . | . . . . Repair Stations . | . . . . Recycling Units 2 | . . 2 . Scanalyzers 11 | . . 11 . Garrison Access . | . . . . Terminal Hacks 7 | . 2 5 . Robot Analysis 1 | . 1 . . Prototype ID Bank 1 | . 1 . . Terminal Index 1 | . . 1 . Alert Level 1 | . . 1 . Unreport Threat 2 | . . 2 . Locate Traps 1 | . . 1 . Fabricator Hacks . | . . . . Repair Station Hacks . | . . . . Recycling Unit Hacks . | . . . . Scanalyzer 11 | . . 11 . Insert Component 6 | . . 6 . Analyze 5 | . . 5 . Garrison Access Hacks . | . . . . Unauthorized Hacks 8 | . . 8 . Terminals 3 | . . 3 . Track 1 | . . 1 . Botnet 2 | . . 2 . Fabricators . | . . . . Repair Stations . | . . . . Recycling Units . | . . . . Scanalyzers . | . . . . Garrison Access . | . . . . Data Cores Recovered 1 | . . 1 . Used 1 | . . 1 . Hacking Detections 8 | . 1 7 . Full Trace Events 1 | . . 1 . Feedback Events . | . . . . Feedback Blocked . | . . . . Robot Schematics Acquired . | . . . . Robots Built . | . . . . Matter . | . . . . Time . | . . . . Total Robot Build Rating . | . . . . Part Schematics Acquired 5 | . . 5 . Parts Built . | . . . . Matter . | . . . . Time . | . . . . Total Part Build Rating . | . . . . Parts Repaired . | . . . . Time . | . . . . Parts Recycled . | . . . . Recycled Matter . | . . . . Retrieved Matter . | . . . . Retrieved Components . | . . . . Parts Scanalyzed 5 | . . 5 . Part Schematics Acquired 5 | . . 5 . Parts Damaged . | . . . . Bothacking | -11 -10 -9 -9 ------------ Run | Scr Mat Mat Min Used RIF Installer . | . . . . Robots Hacked . | . . . . Non-combat . | . . . . Combat . | . . . . Robot Hacks Applied . | . . . . Relay Couplers Released . | . . . . Robots Rewired . | . . . . Allies Hacked . | . . . . Hacks Repelled . | . . . . Allies | -11 -10 -9 -9 -------- Run | Scr Mat Mat Min Total Allies . | . . . . Largest Group . | . . . . Highest-Rated Group . | . . . . Highest-Rated Ally . | . . . . Total Orders . | . . . . Ally Attacks . | . . . . Total Damage . | . . . . Kills . | . . . . Allies Corrupted . | . . . . Allies Melted . | . . . . Intel | -11 -10 -9 -9 ------- Run | Scr Mat Mat Min Robot Analysis Total 1 | . 1 . . Derelict Logs Recovered . | . . . . Drone Launches . | . . . . Drone Recoveries . | . . . . Exploration | -11 -10 -9 -9 ------------- Run | Scr Mat Mat Min Turns Passed 2814 | 159 1124 1422 109 Spaces Moved 1415 | 82 516 740 77 Core 13 | 6 . 5 2 Treads 983 | 76 516 391 . Legs 419 | . . 344 75 Wheels . | . . . . Hover . | . . . . Flight . | . . . . Fastest Speed 50 | 50 160 120 120 Average Speed 149 | 151 160 144 124 Slowest Speed 250 | 160 160 250 250 Overloaded Moves . | . . . . Propulsion Burnouts . | . . . . Robots Hopped . | . . . . Cave-ins Triggered . | . . . . Exploration Rate (%) 42 | 6 70 64 29 Regions Visited 3 Branch Regions 1 Pre-discovered Areas . | . . . . Known Exits Taken . | . . . . Unknown Exits Taken 3 | 1 1 1 . Scrap Searched . | . . . . Spaces Dug . | . . . . Terrain Destroyed 184 | 3 3 172 6 Melee . | . . . . Projectile 4 | . . 4 . AOE 180 | 3 3 168 6 Actions | -11 -10 -9 -9 --------- Run | Scr Mat Mat Min Total 1799 | 97 673 945 84 Wait 132 | . 65 67 . Move 1412 | 81 515 739 77 Hop . | . . . . Pick Up 20 | 1 8 11 . Fast Attach 15 | 7 1 7 . Attach 11 | . 3 6 2 Detach 3 | . 1 2 . Swap 17 | . 4 13 . Drop 17 | . 3 13 1 Fire 171 | 8 72 87 4 Melee . | . . . . Ram . | . . . . Kick . | . . . . Crush 1 | . 1 . . Escape Stasis . | . . . . Rewire . | . . . . Trap . | . . . . Miscellaneous . | . . . . Route ------- -11/Scrapyard -10/Materials (discovered 3 exits: *Mat x2 / [*Min]) -9/Materials (discovered 3 exits: [*Mat x2] / [*Min]) -9/Mines History --------- Turn | Location | Event 44 | -11/Scrapyard | Discovered new exit (range 16) 160 | -11/Scrapyard | Entered Materials 246 | -10/Materials | Discovered new exit (range 16) 313 | -10/Materials | Build established: Mutant 784 | -10/Materials | Discovered new exit (range 8) 901 | -10/Materials | Core integrity fell below 50% 1134 | -10/Materials | Discovered new exit (range 3) 1284 | -10/Materials | Entered another Materials area 1284 | -9/Materials | Evolved 2 slots: Utility x2 1707 | -9/Materials | Build established: Scavenger-Skirmisher 1737 | -9/Materials | Discovered new exit (range 3) 1962 | -9/Materials | Discovered new exit (range 16) 2131 | -9/Materials | Lost 4 parts (1p2n1w) 2286 | -9/Materials | Core integrity fell below 50% 2676 | -9/Materials | Discovered new exit (range 15) 2706 | -9/Materials | Entered Mines 2754 | -9/Mines | Assembled infested the area 2809 | -9/Mines | Core integrity fell below 20% 2815 | -9/Mines | Destroyed by D-53 Grenadier with Mini Grenade Launcher Last Messages --------------- 02796_ Aluminum Leg destroyed. 02796_ Laser Drill disabled. 02798_ Adv. Beam Cannon destroyed. 02801_ K-01 Serf collects debris. 02802_ Adv. Beam Cannon destroyed. 02803_ The unstable cave ceiling collapses. 02804_ as-75477 destroyed. 02805_ Imp. Aluminum Leg destroyed. 02805_ K-01 Serf collects debris. 02806_ Mni. Grenade Launcher destroyed. 02809_ K-01 Serf collects debris. 02810_ Imp. Terrain Scanner destroyed. 02812_ The unstable cave ceiling collapses. 02813_ Adv. Beam Cannon destroyed. 02813_ Structural Scanner destroyed. 02813_ T-07 Excavator destroyed. 02814_ The unstable cave ceiling collapses. 02814_ K-01 Serf collects debris. 02814_ Dropped Med. Storage Unit. [Achievement: Achiever] Map ----- +----------------------------------------------------+ | ???????????????????#????????????????????????? | | ????????#?#?????????????#???????????????????? | | ?????#########?#????????????????????????????? | | #????# #???#??????????????????????????? | | ?????# """ ####?#?????????????????????????? | | ?????# """ #????#??#???????????????????? | | #????# """ # ###?????## ?????????????????? | | ?##??# """ # #????#??????? ??????????????? | | ?#??## # ##?##??????? ???????????????? | | ?????######### ##???#?????????????????????? | | ??##?????#??## #?#??? ? ?????????????????? | | ???#?##????## ##?##? ? ?? ?????????????? | | ????????##?## #?##?? #????????????????? | | ?????##????# ##??#?? ##?#?????????????? | | ????#??????# #####? ####?#??????? ??? | | ??#??#???### ##???# ##?#?????#????? | | ????#????## ###??# ######?#?????# | | ????????#?# ##### ### #?????###? | | ???? ???#?## ## ### ##?##?#?# | | ???? ???#?### ### ##?#?### | | ??? #### """ ### ##### # | | ??# " " #?# | | ???# ##?# | | ???### ###### * ##??# # | | ?????#####????# %= ! ##???# # | | ?????##????#?## = @! ###?## | | ???##??????#??#k #### | | ??????#??????## | | ??????#??????# # d | | | ?????????#??# # # d | | ???????????# ####### | | ???????????# ###???#### | | ?????????#?# ??????#??# | | ?????????#?# ??##?#?#??# ! | | ???????????# ##?????##?# ####%= | | ???????????# ##??#?#?#### ##??## | | ???????????? ???#??##?##### ##?#?# " | | ????????????????????#?????## #?### "% | | ???????????????? ##??? ?? ##??#? " | | ???????????????????#?? ? ###?#? | | ??????????????????#?#???#?#### #??#??# | | ?????????????????????????#??#### #????### | | ?????????????????????? #?#?#??# #?##??### | | ???????????????????????????????# #???????? | | ???????????????????????????????? ??????#?? | | ??????????????????????????????????????????? | | ????????????????????????????????????????????? | | ????????????????????????????????????????????? | | ????????????????????????????????????????????? | | ????????????????????????????????????????????? | +----------------------------------------------------+ Best States ------------- Heat Dissipation 28 Energy Generation 12 Energy Capacity 265 Matter Stores 300 Matter Capacity 300 Sight Range 16 Robot Scan Range 10 Terrain Scan Range 16 Terrain Scan Density 85 Evasion (%) 40 Recoil Reduction 2 Offensive Hacking 10 Item Schematics ----------------- Imp. Sensor Array | -9/Materials | Scanalyzed Datajack | -9/Materials | Scanalyzed Hacking Suite | -9/Materials | Scanalyzed Imp. Targeting Computer | -9/Materials | Scanalyzed Signal Interpreter | -9/Materials | Scanalyzed Robot Schematics ------------------ None Fabricated ------------ Nothing Alien Tech Used ----------------- None Achievements -------------- Achiever Challenges ------------ None Game ------ Seed WeldingRelayMegatreads Manual? 0 Play Time 00:23:49 Cumulative 11.3 hours Start 2019.11.22 @ 21:46:08 End 2019.11.22 @ 22:08:40 Sessions 1 Manual Loads 0 Difficulty Rogue Special Mode None Game No. 30 Rogue 30 Adventurer 0 Explorer 0 Win Type - Total 0 Types 0/0/0/0/0/0/0 Lore% 32 Gallery% 25 Achievement% 25 Wizard Run 0 Options --------- ASCII 0 Keyboard 0 Movement Numpad Keybinds 0 Fullscreen 2 Font 24/Smallcaps Map View 76x50 Tactical HUD 1 Map Filters NONE Filters NONE Steam 1 RUN: 78f377e1-62d5-48d2-8659-e8f6463b4f20